 Dungeon Crawl Stone Soup version 0.26.1-11-gd32895ea62 (webtiles) character file.

Game seed: 5203665077546126942

1623 ZappyNine the Covert (level 9, -1/51 HPs)
             Began as a Kobold Brigand on July 6, 2021.
             Slain by a killer bee (7 damage)
             ... on level 7 of the Dungeon.
             The game lasted 00:08:34 (6645 turns).

ZappyNine the Covert (Kobold Brigand)               Turns: 6645, Time: 00:08:34

Health: -1/51      AC: 17    Str: 12    XL:     9   Next: 17%
Magic:  8/8        EV: 16    Int: 15    God:
Gold:   410        SH:  0    Dex: 19    Spells: 8/8 levels left

rFire    + . .     SeeInvis .   f - +5 short sword (protect)
rCold    . . .     Faith    .   (shield restricted)
rNeg     . . .     Spirit   .   k - +1 leather armour "Belory Julae" {rPois Str+3 Int+3}
rPois    +         Reflect  .   l - +2 helmet
rElec    .         Harm     .   c - +0 cloak
rCorr    .         Rampage  .   (no gloves)
Will     .....                  (no boots)
Stlth    +++++++...             (no amulet)
HPRegen  0.17/turn              u - ring of protection from fire
MPRegen  0.11/turn              a - ring of flight

@: lethally poisoned (-1 -> -10), protection aura
A: small, yellow scales 1, low mp 1, nightstalker 3, evolution 1, MP-powered
wands
a: Evoke Flight


You were on level 7 of the Dungeon.
You visited 1 branch of the dungeon, and saw 7 of its levels.

You collected 410 gold pieces.

Inventory:

Hand Weapons
 f - a +5 short sword of protection (weapon)
Missiles
 d - 16 poisoned darts
 e - 2 curare-tipped darts (quivered)
Armour
 b - a +0 robe
 c - a +0 cloak (worn)
 k - the +1 leather armour "Belory Julae" (worn) {rPois Str+3 Int+3}
   (You found it on level 4 of the Dungeon)

   It affects your strength (+3).
   It affects your intelligence (+3).
   It protects you from poison.
 l - a +2 helmet (worn)
Jewellery
 a - a ring of flight (right hand)
 n - a +6 ring of dexterity {unknown}
 p - an uncursed ring of protection from cold
 u - a ring of protection from fire (left hand)
Wands
 j - a wand of flame (20)
 v - a wand of digging (3)
Scrolls
 g - 9 scrolls of identify
 h - 6 scrolls of remove curse
 i - 5 scrolls of teleportation
 m - 2 scrolls of magic mapping
 o - a scroll of noise {unknown}
Potions
 r - 2 potions of degeneration


   Skills:
 - Level 3.6 Fighting
 - Level 4.4 Short Blades
 - Level 2.1 Throwing
 - Level 3.4 Dodging
 + Level 14.2 Stealth


You had 8 spell levels left.
You didn't know any spells.
Your spell library contained the following spells:

 Spells                   Type           Power        Failure   Level
 Freeze                   Ice            0%           34%         1
 Frozen Ramparts          Ice            0%           71%         3
 Ozocubu's Armour         Ice            0%           71%         3
 Hailstorm                Conj/Ice       0%           98%         4
 Summon Ice Beast         Ice/Summ       0%           98%         4


Dungeon Overview and Level Annotations

Branches:
Dungeon (7/15)
 Temple: D:4-7

Altars:
Ru

Shops:
D:6 (:[


Innate Abilities, Weirdness & Mutations

You are small and have problems with some larger weapons.
You are completely attuned to the shadows.
You are partially covered in yellow scales. (AC +2)
Your magical capacity is low. (-10% MP)
You evolve.
You expend magic power (3 MP) to strengthen your wands.


Message History

Unknown command.
* * * LOW HITPOINT WARNING * * *
You feel sick. The killer bee misses you. The jackal misses you.
The killer bee barely misses you.
The killer bee stings you but does no damage.
The jackal misses you.
Unknown command.
Unknown command.
You hit the killer bee but do no damage.
Your weapon exudes an aura of protection.
* * * LOW HITPOINT WARNING * * *
You feel sick. The killer bee barely misses you.
The killer bee closely misses you.
Unknown command.
Unknown command.
You hit the jackal.
The jackal is moderately wounded.
* * * LOW HITPOINT WARNING * * *
You feel sick. The killer bee stings you!
You die...

...............+
#####.........#
#.........#
#.........#
#.........+
#........c#
.......hy#
......hy#
......yy@#
........y#
.........#
...>......
#####'####.
#........#
#........+
##.......#
##.......#


You could see a centaur, 5 killer bees and 2 jackals.

Vanquished Creatures
  Edmund (D:5)
  Duvessa (D:6)
  A sky beast (D:6)
  A necrophage (D:6)
  A phantom (D:5)
  A black bear (D:6)
  2 centaurs (D:6)
  A bullfrog (D:6)
  Dowan (D:6)
  A scorpion (D:5)
  A killer bee (D:7)
  A howler monkey (D:5)
  A jelly (D:5)
  3 orc priests
  3 hounds
  An iguana (D:6)
  Ijyb (D:5)
  4 orc wizards
  2 worker ants
  A killer bee zombie (D:6)
  A hound skeleton (D:4)
  Robin (D:1)
  A howler monkey skeleton (D:6)
  5 adders
  2 ufetubi
  3 oozes
  2 adder skeletons (D:4)
  A worm (D:3)
  4 dart slugs
  4 leopard geckos
  13 orcs
  5 giant cockroaches
  11 goblins
  7 hobgoblins
  2 jackals (D:4)
  6 bats
  3 frilled lizards
  9 kobolds
  5 rats
114 creatures vanquished.

Notes
Turn   | Place    | Note
-------+----------+-------------------------------------------
     0 | D:1      | ZappyNine the Kobold Brigand began the quest for the Orb.
     0 | D:1      | Reached XP level 1. HP: 12/12 MP: 1/1
   252 | D:1      | Reached XP level 2. HP: 12/18 MP: 2/2
   727 | D:2      | Noticed Robin
   752 | D:1      | Reached XP level 3. HP: 14/22 MP: 3/3
   893 | D:1      | Killed Robin
  1177 | D:2      | Reached XP level 4. HP: 27/27 MP: 4/4
  1970 | D:3      | Reached skill level 6 in Stealth
  2292 | D:3      | Reached XP level 5. HP: 32/32 MP: 5/5
  2809 | D:4      | Gained mutation: You possess an exceptional clarity of
                  | mind. [potion of mutation]
  2809 | D:4      | Gained mutation: You have a pair of small antennae on your
                  | head. [potion of mutation]
  3175 | D:4      | Got a smoking leather armour
  3186 | D:4      | Identified the +1 leather armour "Belory Julae" {rPois
                  | Str+3 Int+3} (You found it on level 4 of the Dungeon)
  3308 | D:4      | Reached XP level 6. HP: 37/37 MP: 6/6
  3430 | D:4      | Reached skill level 7 in Stealth
  4024 | D:5      | Entered Level 5 of the Dungeon
  4264 | D:5      | Noticed Ijyb
  4266 | D:5      | Reached skill level 8 in Stealth
  4269 | D:5      | Killed Ijyb
  4270 | D:5      | Reached XP level 7. HP: 41/41 MP: 7/7
  4375 | D:5      | Noticed Edmund
  4386 | D:5      | Killed Edmund
  4387 | D:5      | Reached skill level 9 in Stealth
  4479 | D:5      | Reached skill level 10 in Stealth
  4649 | D:5      | Reached XP level 8. HP: 22/47 MP: 8/8
  4675 | D:5      | Reached skill level 11 in Stealth
  5378 | D:6      | Reached skill level 12 in Stealth
  5519 | D:6      | Noticed Duvessa
  5522 | D:6      | Noticed Dowan
  5546 | D:6      | Killed Duvessa
  5550 | D:6      | Killed Dowan
  6001 | D:6      | Reached skill level 13 in Stealth
  6023 | D:6      | Lost mutation: You possess an exceptional clarity of mind.
                  | [potion of mutation]
  6023 | D:6      | Lost mutation: You have a pair of small antennae on your
                  | head. [potion of mutation]
  6023 | D:6      | Gained mutation: You evolve. [potion of mutation]
  6023 | D:6      | Gained mutation: You expend magic power (3 MP) to
                  | strengthen your wands. [potion of mutation]
  6023 | D:6      | Gained mutation: Your magical capacity is low. (-10% MP)
                  | [potion of mutation]
  6023 | D:6      | Gained mutation: You are partially covered in yellow
                  | scales. (AC +2) [potion of mutation]
  6200 | D:6      | Found a sacrificial altar of Ru.
  6276 | D:6      | Reached XP level 9. HP: 51/51 MP: 8/8
  6282 | D:6      | Found Amunly's Armour Shoppe.
  6368 | D:6      | Found Othobyc's Book Shop.
  6402 | D:6      | Found Uklaasil's Weapon Shop.
  6497 | D:6      | Reached skill level 14 in Stealth
  6645 | D:7      | Slain by a killer bee

Illustrated notes

Levels and vault maps discovered:
D:1:      lemuel_arrival_tunnels, layout_basic, minivault_19, grunt_decor_cap
D:2:      layout_loops_ring, uniq_robin
D:3:      layout_basic, chequers_serial_rivers_small_b
D:4:      layout_basic, hangedman_minor_gate_pass
D:5:      layout_loops_ring, uniq_edmund, uniq_ijyb
D:6:      layout_loops_ring, basic_altar, serial_shops, shop, shop,
          kennysheep_mini, minmay_increasing_density, uniq_duvessa
D:7:      layout_gridville, minmay_temple_entry_glassed_door, uniq_pikel

Skill      XL: |  1  2  3  4  5  6  7  8  9 |
---------------+----------------------------+-----
Short Blades   | 3 4 |  4.4
Dodging        | 2 3 |  3.4
Fighting       | 3 |  3.6
Stealth        | 6 8 10 13 14 | 14.2
Throwing       | |  2.1

Action                   |  1- 3 |  4- 6 |  7- 9 || total
-------------------------+-------+-------+-------++-------
Melee: Short sword       |    58 |   165 |   161 ||   384
       Dagger            |     1 |       |       ||     1
Throw: Dart              |       |     5 |    13 ||    18
  Use: Scroll            |       |    10 |     3 ||    13
       Potion            |       |     3 |     5 ||     8
 Stab: Sleeping          |     6 |    23 |    10 ||    39
Armor: Robe              |    25 |    26 |       ||    51
       Leather armour    |       |    14 |    75 ||    89
       Skin              |       |       |    19 ||    19
Dodge: Dodged            |    49 |   116 |   186 ||   351
